 Dungeon Crawl Stone Soup version 0.29.0-4-gdea44cf6ec (webtiles) character file.

Game seed: 10421215551487919247

287 qw the Chopper (level 6, -5/48 HPs)
             Began as a Formicid Cinder Acolyte on Sept 3, 2022.
             Was a Priest of Ignis.
             Killed by nerve-wracking pain
             ... invoked by Grinder
              (14 damage)
             ... on level 4 of the Dungeon.
             The game lasted 00:02:11 (5180 turns).

qw the Chopper (Formicid Cinder Acolyte)            Turns: 5180, Time: 00:02:12

Health: -5/48      AC: 12    Str: 21    XL:     6   Next: 56%
Magic:  7/7        EV: 10    Int: 13    God:    Ignis [***...]
Gold:   226        SH:  0    Dex:  9    Spells: 7/7 levels left

rFire   + . .      SeeInvis +   Y - -1 hand axe (flame)
rCold   . . .      Faith    .   (no shield)
rNeg    . . .      Spirit   .   c - +0 ring mail
rPois   .          Reflect  .   (helmet unavailable)
rElec   .          Harm     .   (no cloak)
rCorr   .          Rampage  .   (no gloves)
Will    .....                   (no boots)
Stlth   ..........              (no amulet)
HPRegen 0.16/turn               (no ring)
MPRegen 0.10/turn               (no ring)

@: fiery-armoured
A: permanent stasis, dig shafts and tunnels, antennae 3, four strong arms
a: Dig, Shaft Self, Renounce Religion, Fiery Armour, Foxfire Swarm, Rising Flame


You were on level 4 of the Dungeon.
You worshipped Ignis.
Ignis was most pleased with you.
You visited 1 branch of the dungeon, and saw 4 of its levels.

You collected 226 gold pieces.


Innate Abilities, Weirdness & Mutations

You cannot be hasted, slowed, berserked, paralysed or teleported.
You can dig through walls and to a lower floor.
You have a pair of large antennae on your head. (SInv)
Your four strong arms can wield two-handed weapons with a shield.


   Skills:
 - Level 4.0 Fighting
 + Level 6.1 Axes
 - Level 1.2 Armour
 - Level 1.0 Dodging
 - Level 1.1 Spellcasting
 - Level 3.0 Fire Magic


You had 7 spell levels left.
You didn't know any spells.
Your spell library contained the following spells:

 Spells                   Type           Power      Damage    Failure   Level
 Scorch                   Fire           16%        2d5       21%         2

Inventory:

Hand Weapons
 Y - a -1 hand axe of flaming (weapon)
Armour
 b - a +0 chain mail
 c - a +0 ring mail (worn)
Scrolls
 a - a scroll of identify
 d - a scroll of enchant armour
Potions
 e - a potion of might
 f - 2 potions of curing {unknown}
 g - a potion of berserk rage {unknown}

Dungeon Overview and Level Annotations

Branches:
Dungeon (4/15)
 Temple: D:4-7

Altars:
Cheibriados
Hepliaklqana
Nemelex Xobeh
Qazlal
Sif Muna
Yredelemnul
The Shining One

Annotations:
D:4 Grinder


Message History

Grinder is lightly wounded.
Grinder hits you but does no damage.
You hit Grinder. You burn Grinder.
Grinder is moderately wounded.
Grinder hits you.
An adder comes into view.
The adder hisses angrily.
You hit Grinder. You burn Grinder.
Grinder is moderately wounded.
Grinder barely misses you.
You barely miss Grinder.
Grinder is moderately wounded.
Grinder gestures at you.
Your stasis prevents you from being paralysed.
You barely miss Grinder.
Grinder is moderately wounded.
Grinder closely misses you.
You closely miss Grinder.
Grinder is moderately wounded.
Grinder hits you.
You writhe in agony.
The adder bites you but does no damage.
5178 ||| INVOKING Fiery Armour.
A protective cloak of flame settles atop you.
Grinder hits you.
You writhe in agony.
Grinder is burned by your cloak of flames.
Grinder is heavily wounded.
The adder closely misses you.
You closely miss Grinder.
Grinder is heavily wounded.
You closely miss the adder.
Grinder zaps a wand.
The puff of flame hits you but does no damage.
The adder bites you but does no damage.
The adder is burned by your cloak of flames.
The adder is moderately wounded.
You hit Grinder. You burn Grinder.
Grinder is severely wounded.
You hit the adder. You burn the adder. Grinder gestures at you.
Pain shoots through your body!
You die...

......#...#
.######.._# .....#
.# ####### ...>.
.# #.._#_..###....
.# ##...#...#.....
. .#
#....#........ ..
.# #..#####.....
.. .#
#..#.##...S5# .#
.### #....# #@#
..# ...#
#?...######>#...#
##)#
#.............#
#.#
##.##########....#
#.# #.# #.#.# #.#
#.# ...# #.# #.#
... #.####.# ...
#......# ...


You could see Grinder and an adder.

Vanquished Creatures
  An ogre (D:3)
  A hound (D:4)
  Robin (D:2)
  4 gnolls (D:3)
  3 adders
  2 worms (D:2)
  4 dart slugs
  An orc (D:3)
  8 ball pythons
  6 bats
  6 endoplasms
  4 giant cockroaches
  13 goblins
  8 hobgoblins
  5 jackals
  4 kobolds
  3 quokkas
  2 frilled lizards (D:2)
  3 rats
79 creatures vanquished.

Vanquished Creatures (others)
  A demonic plant (D:1)
1 creature vanquished.

Grand Total: 80 creatures vanquished

Notes
Turn   | Place    | Note
-------+----------+-------------------------------------------
     0 | D:1      | qw the Formicid Cinder Acolyte began the quest for the Orb.
     0 | D:1      | Reached XP level 1. HP: 18/18 MP: 2/2
     0 | D:1      | 0 ||| qw: Version: 0.1-a-102-g441f92d
     0 | D:1      | 0 ||| qw: Game counter: 5201
     0 | D:1      | 0 ||| qw: Always use a shield: true
     0 | D:1      | 0 ||| qw: God list: Okawaru
     0 | D:1      | 0 ||| qw: Allow faded altars: false
     0 | D:1      | 0 ||| qw: Do Orc after D:15 true
     0 | D:1      | 0 ||| qw: Do second Lair branch before Depths: true
     0 | D:1      | 0 ||| qw: Lair rune preference: random
     0 | D:1      | 0 ||| qw: Plans: Normal
     0 | D:1      | 0 ||| PLANNING D:1-11
   143 | D:1      | Reached XP level 2. HP: 19/24 MP: 3/3
   209 | D:1      | 209 ||| Stepping ~*~*~tactically~*~*~ (hiding).
   210 | D:1      | 210 ||| Stepping ~*~*~tactically~*~*~ (hiding).
   399 | D:1      | 399 ||| Stepping ~*~*~tactically~*~*~ (stealth).
   444 | D:1      | 444 ||| Stepping ~*~*~tactically~*~*~ (stealth).
   445 | D:1      | 445 ||| Stepping ~*~*~tactically~*~*~ (stealth).
   490 | D:1      | 490 ||| Stepping ~*~*~tactically~*~*~ (stealth).
   514 | D:1      | 514 ||| Stepping ~*~*~tactically~*~*~ (stealth).
   537 | D:1      | 537 ||| Stepping ~*~*~tactically~*~*~ (stealth).
   552 | D:1      | 552 ||| INVOKING Fiery Armour.
   712 | D:1      | 712 ||| INVOKING Fiery Armour.
   713 | D:1      | Reached skill level 4 in Axes
   713 | D:1      | Reached XP level 3. HP: 13/29 MP: 4/4
  1070 | D:1      | 1070 ||| Stepping ~*~*~tactically~*~*~ (stealth).
  1093 | D:1      | 1093 ||| Stepping ~*~*~tactically~*~*~ (hiding).
  1434 | D:1      | Reached skill level 1 in Dodging
  1659 | D:1      | Found a faded altar of an unknown god.
  1858 | D:1      | 1858 ||| Stepping ~*~*~tactically~*~*~ (hiding).
  2048 | D:1      | 2048 ||| UPGRADING to +0 leather armour.
  2058 | D:1      | 2058 ||| DROPPING +0 robe.
  2059 | D:1      | 2059 ||| READING 3 scrolls labelled UCKEKAT GAMIOTIOZE.
  2060 | D:1      | 2060 ||| READING scroll labelled WOYSUMN XENE.
  2061 | D:1      | 2061 ||| READING 2 scrolls of identify.
  2061 | D:1      | 2061 ||| IDENTIFYING ruby potion
  2086 | D:2      | Reached XP level 4. HP: 33/35 MP: 5/5
  2199 | D:2      | 2199 ||| INVOKING Fiery Armour.
  2442 | D:2      | 2442 ||| Stepping ~*~*~tactically~*~*~ (stealth).
  2448 | D:2      | Noticed Robin
  2449 | D:2      | 2449 ||| Stepping ~*~*~tactically~*~*~ (stealth).
  2463 | D:2      | Killed Robin
  2614 | D:2      | 2614 ||| DROPPING +2 war axe of distortion.
  2640 | D:2      | 2640 ||| Stepping ~*~*~tactically~*~*~ (stealth).
  2647 | D:2      | 2647 ||| Stepping ~*~*~tactically~*~*~ (stealth).
  2650 | D:2      | 2650 ||| Stepping ~*~*~tactically~*~*~ (stealth).
  2975 | D:2      | Found a glowing golden altar of the Shining One.
  3005 | D:2      | Reached skill level 5 in Axes
  3053 | D:2      | 3053 ||| Stepping ~*~*~tactically~*~*~ (stealth).
  3217 | D:2      | Reached XP level 5. HP: 40/41 MP: 6/6
  3422 | D:2      | 3422 ||| READING scroll labelled EDALAK QUOST.
  3423 | D:2      | 3423 ||| READING scroll labelled GIKHLE MOONGUOH.
  3424 | D:2      | 3424 ||| READING scroll labelled XISEUX SULA.
  3425 | D:2      | 3425 ||| READING scroll labelled VANTEA VOSEI.
  3426 | D:2      | 3426 ||| Stepping randomly (stuck).
  3427 | D:2      | 3427 ||| Stepping ~*~*~tactically~*~*~ (cloud).
  3663 | D:3      | Noticed an ogre
  3671 | D:3      | HP: 7/41 [ogre/+0 giant club (18)]
  3672 | D:3      | 3672 ||| DRINKING 2 potions of heal wounds.
  3675 | D:3      | 3675 ||| DRINKING potion of heal wounds.
  3678 | D:3      | 3678 ||| INVOKING Fiery Armour.
  3681 | D:3      | Killed an ogre
  3682 | D:3      | Reached skill level 6 in Axes
  3682 | D:3      | Reached XP level 6. HP: 16/47 MP: 7/7
  3683 | D:3      | 3683 ||| FLEEEEING.
  3684 | D:3      | 3684 ||| FLEEEEING.
  3685 | D:3      | 3685 ||| FLEEEEING.
  3686 | D:3      | 3686 ||| FLEEEEING.
  3687 | D:3      | 3687 ||| FLEEEEING.
  3688 | D:3      | 3688 ||| FLEEEEING.
  3689 | D:3      | 3689 ||| FLEEEEING.
  3690 | D:3      | 3690 ||| FLEEEEING.
  3691 | D:3      | 3691 ||| FLEEEEING.
  3692 | D:3      | 3692 ||| STAIRDANCE
  3913 | D:3      | 3913 ||| Stepping ~*~*~tactically~*~*~ (stealth).
  3914 | D:3      | 3914 ||| Stepping ~*~*~tactically~*~*~ (stealth).
  4039 | D:3      | Found a sparkling altar of Nemelex Xobeh.
  4072 | D:3      | Found a stormy altar of Qazlal.
  4143 | D:3      | 4143 ||| INVOKING Fiery Armour.
  4164 | D:3      | 4164 ||| Stepping ~*~*~tactically~*~*~ (stealth).
  4560 | D:3      | Found a faded altar of an unknown god.
  4564 | D:3      | Found a shimmering blue altar of Sif Muna.
  4590 | D:3      | Found a snail-covered altar of Cheibriados.
  4805 | D:3      | 4805 ||| UPGRADING to +0 ring mail.
  4815 | D:3      | 4815 ||| DROPPING +0 leather armour.
  4816 | D:3      | 4816 ||| READING scroll labelled MELLUDETI JICOOGAF.
  4817 | D:3      | 4817 ||| READING scroll labelled HUGUCY NEKIU.
  4955 | D:3      | 4955 ||| READING 2 scrolls of identify.
  4955 | D:3      | 4955 ||| IDENTIFYING fizzy inky potion
  5062 | D:4      | Found a glowing golden altar of the Shining One.
  5143 | D:4      | Reached skill level 1 in Armour
  5144 | D:4      | Found a basalt altar of Yredelemnul.
  5157 | D:4      | Noticed Grinder
  5159 | D:4      | 5159 ||| Stepping ~*~*~tactically~*~*~ (hiding).
  5160 | D:4      | Found a hazy altar of Hepliaklqana.
  5178 | D:4      | 5178 ||| INVOKING Fiery Armour.
  5178 | D:4      | HP: 10/48 [Grinder (4)]
  5180 | D:4      | Killed from afar by Grinder

Levels and vault maps discovered:
D:1:      dpeg_arrival_erosion, layout_basic,
          hellmonk_ecumenical_altar_prayer_group, dreamdust_princess_corridor
D:2:      layout_loops_ring, basic_altar, uniq_robin
D:3:      layout_loops_ring, nicolae_overflow_ecumenical_swirl,
          general_overflow_altar, mainiacjoe_overflow_surrounded_room,
          mainiacjoe_overflow_cross_hatched, minmay_misc_feat_doors,
          amcnicky_mini_rare_corridor_liquid, kennysheep_cross_room
D:4:      layout_loops_ring, trog_butcher_becter,
          nicolae_overflow_quartered_altars, hellmonk_ghost_happy_afterlife,
          chequers_serial_rivers_room_a, uniq_grinder

Skill      XL: |  1  2  3  4  5  6 |
---------------+-------------------+-----
Axes           | 4 5 6 |  6.1
Dodging        | 1 |  1.0
Fighting       | 4 |  4.0
Armour         | 1 |  1.2
Spellcasting   | |  1.1
Fire Magic     | |  3.0

Action                   |  1- 3 |  4- 6 || total
-------------------------+-------+-------++-------
Melee: Hand axe          |    93 |   187 ||   280
       Punch             |       |     1 ||     1
Invok: Fiery Armour      |     2 |     4 ||     6
  Use: Scroll            |     3 |     7 ||    10
       Potion            |       |     2 ||     2
Armor: Robe              |    16 |       ||    16
       Leather armour    |     1 |    34 ||    35
       Ring mail         |       |    10 ||    10
Dodge: Dodged            |    55 |    94 ||   149

Table legend:
 A = Non-vault XP
 B = Vault XP
 C = Vault XP percentage of total XP
 D = Non-vault monster count
 E = Vault monster count
 F = Vault count percentage of total count
                 A         B        C        D         E       F
            +---------+---------+-------+---------+---------+-------
      Total |     378 |      33 |   8.0 |      69 |      10 |  12.7
            +---------+---------+-------+---------+---------+-------
        D:1 |      52 |       5 |   8.8 |      24 |       3 |  11.1
        D:2 |      64 |      28 |  30.4 |      20 |       7 |  25.9
        D:3 |     214 |       0 |   0.0 |      22 |       0 |   0.0
        D:4 |      48 |       0 |   0.0 |       3 |       0 |   0.0
            +---------+---------+-------+---------+---------+-------
